 Dungeon Crawl Stone Soup version 0.22-a0-897-g1b7a381375 (webtiles) character file.

86 IcyTea the Vexing (level 4, -3/18 HPs)
             Began as a Felid Enchanter on July 31, 2018.
             Killed by divine providence
             ... invoked by an orc priest
              (8 damage)
             ... on level 3 of the Dungeon.
             The game lasted 00:10:55 (4344 turns).

IcyTea the Vexing (Felid Enchanter)                 Turns: 4344, Time: 00:10:56

Health: -3/18      AC:  1    Str:  4    XL:     4   Next: 26%
Magic:  8/8        EV: 18    Int: 17    God:
Gold:   107        SH:  0    Dex: 16    Spells: 1/7 levels left
                                        Lives:  0   Deaths: 1

rFire    + . .     SeeInvis +     - Unarmed
rCold    . . .     Gourm    .   (shield unavailable)
rNeg     . . .     Faith    .   (armour unavailable)
rPois    .         Spirit   .   (helmet unavailable)
rElec    .         Reflect  .   (cloak unavailable)
rCorr    .         Harm     .   (gloves unavailable)
MR       .....                  (boots unavailable)
Stlth    +++.......             (no amulet)
HPRegen  0.06/turn              g - ring of protection from fire
MPRegen  0.11/turn              (no ring)

@: quick
A: very small, no armour, no weapons or thrown items, stealth, claws 1, fangs 3,
see invisible, carnivore, speed 1, shaggy fur 1, slow metabolism 1, sharp paws
a: no special abilities


You were on level 3 of the Dungeon.
You were not hungry.

You visited 1 branch of the dungeon, and saw 3 of its levels.

You collected 107 gold pieces.

Inventory:

Jewellery
 g - a ring of protection from fire (left paw)
Scrolls
 c - 2 scrolls of identify
 d - a scroll of remove curse {unknown}
Potions
 a - a potion of might
 f - a potion of resistance {unknown}
Comestibles
 b - 3 rations


   Skills:
 - Level 2.6 Dodging
 - Level 4.0 Stealth
 + Level 3.3 Unarmed Combat
 - Level 2.0 Spellcasting
 - Level 7.0 Hexes


You had one spell level left.
You knew the following spells:

 Your Spells              Type           Power        Failure   Level  Hunger
a - Corona                Hex            ####...      1%          1    #......
b - Ensorcelled Hibernat  Hex/Ice        ##....       7%          2    ###....
c - Confuse               Hex            ####....     3%          3    ###....

Your spell library contained the following spells:

 Spells                   Type           Power        Failure   Level  Hunger
 Tukima's Dance           Hex            ####....     3%          3    ###....
 Dazzling Spray           Conj/Hex       ##....       14%         3    ###....


Dungeon Overview and Level Annotations

Branches:
Dungeon (3/15)

Altars:
Uskayaw


Innate Abilities, Weirdness & Mutations

You cannot wear armour.
You are incapable of wielding weapons or throwing items.
Your paws allow you to move quietly. (Stealth)
You have sharp claws.
You have razor-sharp teeth.
You have supernaturally acute eyesight. (SInv)
You are carnivorous and can eat meat at any time.
You cover ground quickly.
You are covered in fur. (AC +1)
You have a slow metabolism.
Your sharp claws are effective at attacking unaware monsters.


Message History

A goblin comes into view.
The orc shouts!
The goblin shouts!
An orc comes into view. It is wielding a short sword.
A bat comes into view.
The orc priest shouts!
The orc shouts!
You scratch the orc.
You kill the orc!
The orc priest invokes the aid of Beogh against you.
Beogh smites you!
Ouch! That really hurt!
* * * LOW HITPOINT WARNING * * *
The bat misses you. The bat closely misses you. The bat misses you.
The bat closely misses you. The bat completely misses you.
The bat closely misses you. The bat completely misses you.
The orc priest mumbles some strange prayers to Beogh against you.
Beogh smites you!
You die...

#.###..#####
#..........# #.
#......###.# ###.
#...#.## #..o
#...#.# .o.
#...#.####.# # ..
#..........# ##.#.
#########.########
##....##o.g..b@..#
#....)o..#########
##....#### ##.#. #
#. #. #. #. #.


You could see an orc priest, a goblin and a bat.

Vanquished Creatures
  Robin (D:2)
  3 gnolls
  3 adders (D:2)
  A worm (D:2)
  5 dart slugs
  4 leopard geckos
  An orc (D:3)
  3 giant cockroaches
  9 hobgoblins
  3 jackals
  2 kobolds
  A quokka (D:2)
  A ball python (D:1)
  6 bats
  17 goblins
  10 rats
70 creatures vanquished.

Notes
Turn   | Place    | Note
-------+----------+-------------------------------------------
     0 | D:1      | IcyTea the Felid Enchanter began the quest for the Orb.
     0 | D:1      | Reached XP level 1. HP: 7/7 MP: 4/4
   256 | D:1      | Reached XP level 2. HP: 3/11 MP: 6/6
   535 | D:1      | Learned a level 2 spell: Ensorcelled Hibernation
  1350 | D:1      | Reached XP level 3. HP: 11/14 MP: 7/7
  1638 | D:1      | Reached skill level 5 in Hexes
  2222 | D:2      | Reached skill level 6 in Hexes
  2228 | D:2      | Learned a level 3 spell: Confuse
  2233 | D:2      | Found a hide-covered altar of Uskayaw.
  2235 | D:2      | Noticed Robin
  2249 | D:2      | Reached XP level 4. HP: 18/18 MP: 5/8
  3067 | D:2      | Killed Robin
  3481 | D:2      | Reached skill level 7 in Hexes
  4035 | D:2      | Slain by a gnoll
  4036 | D:2      | Reached XP level 3. HP: -5/14 MP: 4/7
  4091 | D:2      | Reached XP level 4. HP: 12/18 MP: 5/8
  4344 | D:3      | Killed from afar by an orc priest

Vault maps used:
D:1:      dpeg_arrival_tiny_a, minmay_pentomino_p2
D:2:      overflow_temple_1_default, first_ration, uniq_robin
D:3:      nicolae_dithmenos_shadow_blocks, nicolae_overflow_hidden_temple

Skill      XL: |  1  2  3  4 |
---------------+-------------+-----
Unarmed Combat | 2 3 |  3.3
Hexes          | 6 7 |  7.0
Dodging        | |  2.6
Stealth        | |  4.0
Spellcasting   | |  2.0

Action                   |  1- 3 |  4- 6 || total
-------------------------+-------+-------++-------
Melee: Unarmed           |   116 |    59 ||   175
       Bite              |    13 |     3 ||    16
 Cast: Ensorcelled Hiber |    25 |    21 ||    46
       Corona            |     1 |     2 ||     3
       Confuse           |       |     1 ||     1
  Use: Scroll            |     3 |       ||     3
 Stab: Sleeping          |    25 |    19 ||    44
       Confused          |       |     1 ||     1
  Eat: Chunk             |     9 |     4 ||    13
Armor: Skin              |     4 |     2 ||     6
Dodge: Dodged            |    72 |    40 ||   112

Table legend:
 A = Spawn XP
 B = Non-spawn XP
 C = Spawn XP percentage of total XP
 D = Spawn monster count
 E = Non-spawn monster count
 F = Spawn count percentage of total count
 G = Total turns spent on level
                    A         B        C        D         E        F      G
               +---------+---------+-------+---------+---------+-------+---------
         Total |       0 |     219 |   0.0 |       0 |      70 |   0.0 |  4344
               +---------+---------+-------+---------+---------+-------+---------
           D:1 |       0 |      58 |   0.0 |       0 |      30 |   0.0 |  1916
           D:2 |       0 |     138 |   0.0 |       0 |      34 |   0.0 |  2181
           D:3 |       0 |      23 |   0.0 |       0 |       6 |   0.0 |   247
               +---------+---------+-------+---------+---------+-------+---------
